 Dungeon Crawl Stone Soup version 0.25.0-26-g0c896c7088 (webtiles) character file.

Game seed: 2923646621335538587

720 Peloso the Slasher (level 7, -2/54 HPs)
             Began as a Demonspawn Fighter on July 4, 2020.
             Was a Follower of Okawaru.
             Slain by a worker ant (4 damage)
             ... on level 5 of the Dungeon.
             The game lasted 00:10:37 (4335 turns).

Peloso the Slasher (Demonspawn Fighter)             Turns: 4335, Time: 00:10:38

Health: -2/54      AC: 10    Str: 18    XL:     7   Next: 42%
Magic:  6/7        EV:  7    Int: 10    God:    Okawaru [*.....]
Gold:   159        SH: 10    Dex: 18    Spells: 6/6 levels left

rFire    . . .     SeeInvis .   a - +2 falchion (vorpal)
rCold    . . .     Gourm    .   c - +0 kite shield
rNeg     . . .     Faith    .   m - +0 chain mail
rPois    .         Spirit   .   (helmet restricted)
rElec    .         Reflect  .   (no cloak)
rCorr    .         Harm     .   q - +0 pair of gloves (curse)
MR       +....                  (no boots)
Stlth    ..........             (no amulet)
HPRegen  0.18/turn              k - +6 ring of dexterity
MPRegen  0.10/turn              n - ring of protection from magic

@: lethally poisoned (-2 -> -5), lightly drained
A: horns 1, powered by pain 2, sturdy frame 1
a: Heroism, Renounce Religion


You were on level 5 of the Dungeon.
You worshipped Okawaru.
Okawaru was aware of your devotion.
You were not hungry.

You visited 1 branch of the dungeon, and saw 5 of its levels.
You also visited: Sewer.

You collected 159 gold pieces.

Inventory:

Hand Weapons
 a - a +2 vorpal falchion (weapon)
Armour
 b - a +0 scale mail
 c - a +0 kite shield (worn)
 m - a +0 chain mail (worn)
 q - a cursed +0 pair of gloves (worn)
Jewellery
 k - a +6 ring of dexterity (left hand)
 n - a ring of protection from magic (right hand)
 s - a cursed ring of fire {unknown}
Wands
 p - a wand of disintegration (14)
Scrolls
 e - a scroll of identify
 g - 5 scrolls of teleportation
 h - 2 scrolls of amnesia {unknown}
 j - 2 scrolls of magic mapping
 r - a scroll of noise
 t - a scroll of fear
 y - a scroll of remove curse
Potions
 d - a potion of might
 l - a potion of ambrosia
 o - a potion of resistance
 u - a potion of haste
 v - 4 potions of curing
 w - a potion of stabbing
 x - 2 potions of flight
 z - 3 potions of heal wounds
Comestibles
 f - 5 rations


   Skills:
 + Level 4.3(3.9) Fighting
 + Level 5.1(4.8) Long Blades
 + Level 4.2(3.9) Armour
 + Level 1.8(1.5) Dodging
 + Level 0.3(0.0) Stealth
 + Level 4.0(3.7) Shields


You had 6 spell levels left.
You didn't know any spells.
Your spell library was empty.

Dungeon Overview and Level Annotations

Branches:
Dungeon (5/15)             Temple (0/1) D:4           Sewer (visited)

Altars:
Okawaru
Sif Muna
Trog

Annotations:
D:4 2 runed translucent doors, Sickboy's ghost, amateur TeAE


Innate Abilities, Weirdness & Mutations

You have a pair of small horns on your head.
You sometimes gain power by taking damage.
Your movements are slightly less encumbered by armour. (ER -2)


Message History

Something hits you but does no damage.
Unknown command.
You hit the orc but do no damage. Your headbutt misses the orc.
The orc is heavily wounded.
You feel sick. You block the worker ant's attack.
The orc wizard hits you but does no damage.
You block the orc's attack.
Unknown command.
You slash the orc!
You kill the orc!
Okawaru accepts your kill.
You hear some strange, mumbled words.
A puff of flame appears from out of thin air!
The puff of flame hits you!
* * * LOW HITPOINT WARNING * * *
You block the worker ant's attack. You block the orc wizard's attack.
You feel like a meek peon again.
* * * LOW HITPOINT WARNING * * *
You feel sick. You block the orc wizard's attack. The worker ant bites you.
You die...

,* *,,,...,*#.÷≈#≈#÷#≈######,
,*******,,.....##..≈#≈#≈#≈#≈≈≈≈#.
,,,,,,,+,,........≈≈≈≈#≈÷≈≈≈##≈#.
,*******,,.....##..≈#≈#≈########.
,*******,,,.....#..≈≈≈#≈≈≈≈≈≈≈≈#.
*,,,,,,,,,,.....#...#≈#######≈##,
*,*******##.###.#).≈≈≈#≈≈≈≈≈≈≈#*,
*,,,,,,,,..^....{o..≈≈#########*,
**********#.#.#.@.#.### *,* *,,,
*,*,#.a.#.#****,* ****
******,*,#......,,,,,*
**,,,**,*...#.#.##***********
**,,,,,**###...#.# *,,,,,,,,,
*,,,,,,,* #.###,# *,*******,
**,*,_,*,** #.* *,* *,* *,
*,,**,**,,* #.* *,* *,* *<
*,,,***,,,* *,* *,* *,********


You could see a worker ant and an orc wizard (fast).

Vanquished Creatures
  An ogre (D:5)
  A big kobold (Sewer)
  2 orc priests (D:5)
  2 orc wizards (D:4)
  A hound (D:4)
  Terence (D:2)
  2 worker ants
  10 adders
  11 river rats
  A shadow imp (D:3)
  2 oozes
  An adder skeleton (D:5)
  4 worms
  4 dart slugs
  12 orcs
  6 giant cockroaches
  5 goblins (D:1)
  5 hobgoblins
  10 jackals
  18 kobolds
  3 quokkas
  4 ball pythons
  A ball python skeleton (D:4)
  8 bats
  3 frilled lizards
  A giant cockroach zombie (D:5)
  24 rats
143 creatures vanquished.

Notes
Turn   | Place    | Note
-------+----------+-------------------------------------------
     0 | D:1      | Peloso the Demonspawn Fighter began the quest for the Orb.
     0 | D:1      | Reached XP level 1. HP: 18/18 MP: 1/1
   187 | D:1      | Gained mutation: You sometimes gain a little power by
                  | taking damage. [demonic ancestry]
   187 | D:1      | Reached XP level 2. HP: 21/24 MP: 2/2
   497 | D:1      | Reached skill level 2 in Long Blades
   611 | D:1      | Gained mutation: You sometimes gain power by taking damage.
                  | [demonic ancestry]
   611 | D:1      | Reached XP level 3. HP: 26/29 MP: 3/3
  1137 | D:2      | Noticed Terence
  1144 | D:2      | Killed Terence
  1144 | D:2      | Reached XP level 4. HP: 27/35 MP: 4/4
  1231 | D:2      | Found a bloodstained altar of Trog.
  1231 | D:2      | Found a shimmering blue altar of Sif Muna.
  1231 | D:2      | Found an iron altar of Okawaru.
  1239 | D:2      | Became a worshipper of Warmaster Okawaru
  1742 | D:3      | Reached skill level 3 in Long Blades
  1749 | D:3      | Reached skill level 1 in Dodging
  2124 | D:3      | Reached XP level 5. HP: 41/41 MP: 5/5
  2810 | D:4      | Found a large runed translucent door.
  2811 | D:4      | Found a large runed translucent door.
  2812 | D:4      | Noticed Sickboy's ghost (amateur TeAE)
  2894 | D:4      | Gained mutation: Your movements are slightly less
                  | encumbered by armour. (ER -2) [demonic ancestry]
  2894 | D:4      | Reached XP level 6. HP: 17/48 MP: 6/6
  3114 | D:4      | Found a staircase to the Ecumenical Temple.
  3222 | D:5      | Entered Level 5 of the Dungeon
  3264 | D:5      | Reached * piety under Okawaru
  3264 | D:5      | Reached skill level 4 in Long Blades
  3426 | D:5      | Found a glowing drain.
  3433 | Sewer    | Entered a sewer
  3689 | Sewer    | Gained mutation: You have a pair of small horns on your
                  | head. [demonic ancestry]
  3689 | Sewer    | Reached XP level 7. HP: 45/54 MP: 7/7
  4326 | D:5      | Reached skill level 5 in Long Blades
  4335 | D:5      | HP: 2/54 [poisoned by a worker ant]
  4335 | D:5      | Slain by a worker ant

Illustrated notes

Levels and vault maps discovered:
D:1:      dpeg_arrival_windows_large_door, layout_basic
D:2:      layout_basic, gammafunk_temple_overflow_claw, uniq_terence
D:3:      layout_loops_ring, first_ration
D:4:      layout_cave_pools, minmay_temple_entry_poolview,
          ebering_ghost_disaster_area
D:5:      kennysheep_windowed_halls, layout_basic,
          nicolae_dithmenos_through_a_glass_darkly, lightli_sewer_entry_pipes,
          st_stairs_11, grunt_decor_cap

Skill      XL: |  1  2  3  4  5  6  7 |
---------------+----------------------+-----
Armour         | 3 4 |  4.2
Shields        | 3 4 |  4.0
Long Blades    | 2 3 4 5 |  5.1
Dodging        | 1 |  1.8
Fighting       | 4 |  4.3
Stealth        | |  0.3

Action                   |  1- 3 |  4- 6 |  7- 9 || total
-------------------------+-------+-------+-------++-------
Melee: Long sword        |   104 |    61 |       ||   165
       Falchion          |       |   158 |   105 ||   263
       Headbutt          |       |       |    16 ||    16
Invok: Heroism           |       |       |     1 ||     1
  Use: Scroll            |     3 |     1 |     7 ||    11
       Potion            |     2 |     2 |       ||     4
  Eat: Chunk             |     1 |     8 |     3 ||    12
Armor: Scale mail        |    68 |    98 |       ||   166
       Chain mail        |       |    41 |    63 ||   104
Dodge: Dodged            |    34 |    99 |    30 ||   163
Block: Kite shield       |    62 |   152 |    63 ||   277
       Rpst.: Long sword |    10 |     6 |       ||    16
       Falchion          |       |    23 |     7 ||    30
